 Dungeon Crawl Stone Soup version 0.30.1-11-g7821555f0a (webtiles) character file.

Game seed: 9817354771514763397

107 cdecastro the Cudgeller (level 4, -4/38 HPs)
             Began as an Armataur Warper on Dec 18, 2023.
             Was an Initiate of Ashenzari.
             Slain by a river rat (5 damage)
             ... in a sewer on Dec 19, 2023.
             The game lasted 00:06:03 (1756 turns).

cdecastro the Cudgeller (Armataur Warper)           Turns: 1756, Time: 00:06:05

Health: -4/38      AC:  8    Str: 24    XL:     4   Next: 56%
Magic:  0/6        EV:  7    Int: 13    God:    Ashenzari [......]
Gold:   81         SH:  0    Dex: 10    Spells: 6/6 levels left

rFire   . . .        p - +0 flail
rCold   . . .        (no shield)
rNeg    . . .        b - +0 leather armour
rPois   .            (no helmet)
rElec   .            (no cloak)
rCorr   .            (no gloves)
SInv    .            g - +0 barding
Will    .....        m - amulet "Gaze Upon Infinity" {Spirit, Alch, Evo} (curse)
Stlth   +            n - +6 ring of strength
HPRegen 0.26/turn    (no ring)
MPRegen 0.10/turn

%: guardian spirit, roll
@: no status effects
A: large, rugged brown scales 3, deformed body, armoured tail, roll, long
tongue, awkward tongue
a: Renounce Religion, Shatter the Chains


You were in a sewer.
You worshipped Ashenzari.
Ashenzari was noncommittal.
You visited 1 branch of the dungeon, and saw 3 of its levels.
You also visited: Sewer.

You collected 81 gold pieces.

Inventory:

Hand Weapons
 a - a +0 mace
 p - a +0 flail (weapon)
Missiles
 d - 7 boomerangs of dispersal (quivered)
 i - 13 stones
 j - 4 javelins
 k - a throwing net
Armour
 b - a +0 leather armour (worn)
 g - a +0 barding (worn)
Jewellery
 m - the cursed amulet "Gaze Upon Infinity" (around neck) {Spirit, Alch, Evo}
   (You found it on level 2 of the Dungeon)

   [amulet of guardian spirit]

   It causes incoming damage to be divided between your reserves of health and
   magic.
   It has a curse which improves the following skills: Alchemy: Poison Magic and
   Transmutations.
   Evocations: Evocations.
 n - a +6 ring of strength (left hand)
Scrolls
 c - 2 scrolls of blinking
 f - 2 scrolls of identify {unknown}
 h - a scroll of fear {unknown}
 l - a scroll of enchant weapon {unknown}
 o - a scroll of brand weapon {unknown}
Potions
 e - 2 potions of brilliance {unknown}
 q - 4 potions of flight


   Skills:
 - Level 1.7 Fighting
 + Level 4.4 Maces & Flails
 - Level 0.8 Throwing
 - Level 1.2 Armour
 - Level 1.3 Dodging
 - Level 1.7 Spellcasting
 - Level 3.0 Translocations


You had 6 spell levels left.
You didn't know any spells.
Your spell library contained the following spells:

 Spells                   Type           Power      Damage    Failure   Level
 Blink                    Tloc           16%        N/A       13%         2
 Lesser Beckoning         Tloc           16%        N/A       13%         2
 Teleport Other           Tloc           8%         N/A       26%         3
 Cigotuvi's Dreadful Rot  Necr/Pois/Air  2%         N/A       41%         2
 Vhi's Electric Charge    Tloc/Air       10%        N/A       43%         3
 Volatile Blastmotes      Fire/Tloc      10%        2d10      43%         3
 Call Canine Familiar     Summ           1%         N/A       65%         3
 Dazzling Flash           Conj/Hex       2%         N/A       65%         3
 Summon Guardian Golem    Hex/Summ       1%         N/A       65%         3
 Manifold Assault         Tloc           8%         N/A       65%         4
 Iskenderun's Mystic Bla  Conj/Tloc      5%         2d3       85%         4
 Summon Lightning Spire   Summ/Air       1%         N/A       96%         4
 Starburst                Conj/Fire      0%         6d3       100%        6
 Summon Hydra             Summ           0%         N/A       100%        7


Dungeon Overview and Level Annotations

Branches:
Dungeon (3/15)              Sewer (1/1)

Altars:
Ashenzari


Innate Abilities, Weirdness & Mutations

You are completely covered in rugged brown scales. (AC +3, +7% HP)
Armour fits poorly on your strangely shaped body.
You have a long armoured tail.
You roll when moving toward enemies. (Rampage)
Your long tongue fully drains potion bottles. (2x potion effects)
Your tongue gives you trouble enunciating. (1.5x scroll delay)


Message History

4 river rats come into view.
You closely miss the river rat. The river rat bites you!
You barely miss the river rat. The river rat bites you.
The river rat bites you but does no damage. x3
The river rat bites you. x2
You are too injured to fight recklessly!
The river rat attacks as you move away! The river rat barely misses you.
The river rat attacks as you move away! The river rat closely misses you.
The river rat bites you but does no damage. x2
There is a large open door here.
The river rat twitches its whiskers.
The river rat attacks as you move away!
The river rat bites you but does no damage.
You closely miss the river rat.
The river rat bites you but does no damage. x2
You hit the river rat but do no damage. The river rat bites you.
The river rat barely misses you.
You thump the river rat!
You tail-slap the river rat, but do no damage.
The river rat is almost dead.
The river rat bites you.
* * * LOW HITPOINT WARNING * * *
The river rat twitches its whiskers.
The river rat bites you.
* * * LOW HITPOINT WARNING * * *
Okay, then.
Unknown command.
You closely miss the river rat.
Your tail-slap misses the river rat.
The river rat is almost dead.
The river rat bites you!
* * * LOW HITPOINT WARNING * * *
The river rat bites you.
* * * LOW HITPOINT WARNING * * *
You hit the river rat but do no damage.
The river rat is almost dead.
The river rat bites you but does no damage. x2
The river rat bites you.
* * * LOW HITPOINT WARNING * * *
The river rat bites you.
You die...

#################################
≈≈≈≈≈≈~~~~~†~~..~~~~~.~~~.†~..~~.
≈≈≈≈≈≈.≈≈≈≈≈≈≈≈≈≈≈≈≈≈≈≈≈≈≈≈≈≈≈≈≈≈
≈≈≈≈≈≈~≈~~..~.~~~~~~~~.~.~~~.~.~~
######~≈~#######################~
#~≈~# ###### #~ #.≈~# #.rr@# #~
#~≈~#####'r#####+ #.
#~~~~.~........... #~
#~~~~~~...........
#~≈~#####''#####++ #.≈~# ....#
#~≈~# ###### #~≈~# #~≈~~


You could see 3 river rats.

Vanquished Creatures
  3 adders
  A gnoll (D:2)
  2 worms (D:2)
  An orc (D:3)
  8 bats
  5 endoplasms
  9 giant cockroaches
  3 goblins
  5 hobgoblins
  3 jackals
  5 quokkas
  4 ball pythons
  A frilled lizard (Sewer)
  3 kobolds
  3 rats
56 creatures vanquished.

Notes
Turn   | Place    | Note
-------+----------+-------------------------------------------
     0 | D:1      | cdecastro the Armataur Warper began the quest for the Orb.
     0 | D:1      | Reached XP level 1. HP: 18/18 MP: 3/3
    11 | D:1      | Reached skill level 2 in Maces & Flails
   127 | D:1      | Reached XP level 2. HP: 25/25 MP: 4/4
   237 | D:1      | Got the Incunable of Apparitions and Pollution
   726 | D:2      | Reached skill level 3 in Maces & Flails
   860 | D:2      | Reached XP level 3. HP: 26/31 MP: 5/5
  1220 | D:2      | Found a faded altar of an unknown god.
  1231 | D:2      | Prayed at the altar of an unknown god.
  1231 | D:2      | Became a worshipper of Ashenzari the Shackled
  1482 | D:3      | Reached XP level 4. HP: 38/38 MP: 6/6
  1483 | D:3      | Found a glowing drain.
  1486 | D:3      | Reached skill level 4 in Maces & Flails
  1508 | Sewer    | Entered a sewer
  1756 | Sewer    | HP: 1/38 [river rat (2)]
  1756 | Sewer    | Slain by a river rat

Illustrated notes

Levels and vault maps discovered:
D:1:      onia_arrival_handbag, layout_loops_ring, minmay_door_square
D:2:      layout_basic, ebering_ecumenical_altar_hall
D:3:      layout_loops_ring, mainiacjoe_overflow_surrounded_room,
          gup_sewer_entry_pipe
Sewer:    sewer_fruit_machine

Skill      XL: |  1  2  3  4 |
---------------+-------------+-----
Maces & Flails | 2 3 4 |  4.4
Fighting       | |  1.7
Throwing       | |  0.8
Armour         | |  1.2
Dodging        | |  1.3
Spellcasting   | |  1.7
Translocations | |  3.0

Action                     |  1- 3 |  4- 6 || total
---------------------------+-------+-------++-------
  Melee: Mace              |    90 |       ||    90
         Tailslap          |     8 |     8 ||    16
         Flail             |     7 |    64 ||    71
         Punch             |     1 |       ||     1
 Invoke: Curse Item        |       |     1 ||     1
 Armour: Leather armour    |    67 |    68 ||   135
  Dodge: Dodged            |    57 |    34 ||    91
